 Dungeon Crawl Stone Soup version 0.24.1-1-gd1d2a07e1b (webtiles) character file.

Game seed: 14911930898242482965, levelgen mode: deterministic

128 Descartes the Digger (level 5, 0/35 HPs)
             Began as a Formicid Earth Elementalist on Apr 11, 2020.
             Slain by an orc
             ... wielding a +0 war axe
              (10 damage)
             ... on level 3 of the Dungeon.
             The game lasted 00:07:27 (3935 turns).

Descartes the Digger (Formicid Earth Elementalist)  Turns: 3935, Time: 00:07:28

Health: 0/35       AC:  3    Str: 13    XL:     5   Next: 34%
Magic:  9/9        EV: 11    Int: 15    God:
Gold:   95         SH:  0    Dex: 11    Spells: 9/10 levels left

rFire    . . .     SeeInvis +   q - +0 falchion
rCold    + . .     Gourm    .   (no shield)
rNeg     . . .     Faith    .   s - +0 leather armour (curse)
rPois    .         Spirit   .   (helmet unavailable)
rElec    .         Reflect  .   (no cloak)
rCorr    .         Harm     .   (no gloves)
MR       .....                  (no boots)
Stlth    ++........             (no amulet)
HPRegen  0.11/turn              i - ring of protection from cold
MPRegen  0.11/turn              (no ring)

@: no status effects
A: permanent stasis, dig shafts and tunnels, four strong arms, antennae 3
a: Dig, Shaft Self


You were on level 3 of the Dungeon.
You were not hungry.

You visited 1 branch of the dungeon, and saw 3 of its levels.

You collected 95 gold pieces.

Inventory:

Hand Weapons
 j - a +0 dagger
 p - a +0 whip
 q - a +0 falchion (weapon)
Missiles
 b - 88 stones (quivered)
 k - 72 bolts
 n - 3 atropa-tipped darts
 t - 2 boomerangs
 u - 6 curare-tipped darts
 A - 15 arrows
Armour
 c - a +0 robe
 r - a +0 shield
 s - a cursed +0 leather armour (worn)
Jewellery
 i - a ring of protection from cold (left hand)
Wands
 y - a wand of digging (2)
Scrolls
 g - a scroll of fear {unknown}
 m - a scroll of immolation {unknown}
 o - 2 scrolls of identify {unknown}
 v - a scroll of blinking {unknown}
 w - a scroll of remove curse {unknown}
Potions
 a - 8 potions of curing {unknown}
 e - a potion of heal wounds {unknown}
 f - a potion of haste {unknown}
 h - a potion of lignification {unknown}
 l - a potion of invisibility {unknown}
 x - a potion of flight {unknown}
Comestibles
 d - 6 rations
 z - 3 chunks of flesh


   Skills:
 + Level 2.0 Armour
 - Level 1.8 Dodging
 + Level 3.8 Stealth
 + Level 1.3 Shields
 + Level 3.1 Spellcasting
   Level 1.1 Transmutations
 + Level 4.5 Earth Magic


You had 9 spell levels left.
You knew the following spells:

 Your Spells              Type           Power        Failure   Level  Hunger
a - Sandblast             Erth           ###...       4%          1    #......

Your spell library contained the following spells:

 Spells                   Type           Power        Failure   Level  Hunger
 Passwall                 Tmut/Erth      ##......     12%         2    ##.....
 Stone Arrow              Conj/Erth      #.....       30%         3    ###....
 Petrify                  Tmut/Erth      ##......     61%         4    #####..
 Lee's Rapid Deconstruct  Erth           ###.......   73%         5    ######.


Dungeon Overview and Level Annotations

Branches:
Dungeon (3/15)

Altars:
Nemelex Xobeh


Innate Abilities, Weirdness & Mutations

You cannot be hasted, slowed, berserked, paralysed or teleported.
You can dig through walls and to a lower floor.
Your four strong arms can wield two-handed weapons with a shield.
You have a pair of large antennae on your head. (SInv)


Message History

The orc hits you but does no damage.
You hit the orc.
You kill the orc!
The orc throws a boomerang.
The boomerang barely misses you.
The weapon returns to the orc!
The orc hits you with a +0 war axe!
Things that are here:
a +0 club; a +0 leather armour; an orc corpse You barely miss the orc.
The orc is lightly wounded.
The orc hits you with a +0 war axe!
* * * LOW HITPOINT WARNING * * *
The orc evokes its amulet.
The orc goes berserk!
You hit the orc but do no damage.
The orc is lightly wounded.
The orc closely misses you.
You hit the orc but do no damage.
The orc is lightly wounded.
The orc hits you with a +0 war axe!
You die...

#.#
#.#
#.#
{
#g#
#o#
#o#
#o#
#@#
#)#
#.#
{#.#
#.#
#.#
#.#
#.#
#.#


You could see 3 orcs and a hobgoblin.

Vanquished Creatures
  7 adders
  2 worms (D:2)
  A dart slug (D:2)
  3 leopard geckos
  2 orcs (D:3)
  4 giant cockroaches
  5 hobgoblins
  4 jackals
  6 kobolds (D:2)
  2 quokkas (D:2)
  A ball python (D:2)
  3 bats (D:2)
  4 frilled lizards
  5 goblins
  8 rats
57 creatures vanquished.

Vanquished Creatures (others)
  5 toadstools (D:1)
5 creatures vanquished.

Grand Total: 62 creatures vanquished

Notes
Turn   | Place    | Note
-------+----------+-------------------------------------------
     0 | D:1      | Descartes the Formicid Earth Elementalist began the quest
                  | for the Orb.
     0 | D:1      | Reached XP level 1. HP: 13/13 MP: 3/3
   742 | D:1      | Reached XP level 2. HP: 19/19 MP: 5/5
  1588 | D:2      | Reached skill level 1 in Armour
  1588 | D:2      | Reached skill level 4 in Earth Magic
  1588 | D:2      | Reached XP level 3. HP: 22/24 MP: 2/6
  1745 | D:2      | Reached XP level 4. HP: 20/30 MP: 5/8
  2985 | D:2      | Reached skill level 1 in Shields
  2985 | D:2      | Reached XP level 5. HP: 35/35 MP: 6/9
  3729 | D:3      | Found a sparkling altar of Nemelex Xobeh.
  3935 | D:3      | Slain by an orc

Levels and vault maps discovered:
D:1:      ldierk_walled_garden, layout_loops_ring,
          wander_ebering_terrifying_dragon_lair
D:2:      minmay_evil_eye, layout_basic, minmay_tromino_mix6
D:3:      layout_basic, overflow_temple_1_default, overflow_temple_1_default,
          marbit_many_paths, minitemple, first_ration, uniq_robin

Skill      XL: |  1  2  3  4  5 |
---------------+----------------+-----
Stealth        | 3 |  3.8
Armour         | 1 2 |  2.0
Earth Magic    | 4 |  4.5
Spellcasting   | 3 |  3.1
Shields        | 1 |  1.3
Dodging        | |  1.8
Transmutations | |  1.1

Action                   |  1- 3 |  4- 6 || total
-------------------------+-------+-------++-------
Melee: Unarmed           |    12 |       ||    12
       Dagger            |    38 |       ||    38
       Whip              |    13 |       ||    13
       Falchion          |     9 |   123 ||   132
 Cast: Sandblast         |    12 |     6 ||    18
 Stab: Sleeping          |     3 |     2 ||     5
       Distracted        |       |     2 ||     2
  Eat: Chunk             |     3 |     7 ||    10
Armor: Robe              |     7 |       ||     7
       Leather armour    |       |    35 ||    35
Dodge: Dodged            |    40 |    82 ||   122
       Rpst.: Falchion   |     3 |    27 ||    30
